General information
- name: BNet
- type: Ladder team game (AT/RT)
- host: Battle.net
- saver: KODOS_FORSAKEN
map: Highperch
- players: 6
- length: 362:24
- speed: Fast
- version: 1.22 W3XP
- replay type: Public
» download(1077 KB)
Players
team 1 (winner)

»
FFA_EIGHT (
orange | 7 APM | 2429 actions | 362:21)
2 Archmage
1 Blizzard
1 Brilliance Aura
» actions
| Assign group hotkey | 78 | |
| Basic commands | 41 | |
| Build / train | 107 | |
| Enter build submenu | 74 | |
| Enter hero's abilities submenu | 2 | |
| Give item / drop item | 2 | |
| Remove unit from queue | 3 | |
| Right click | 680 | |
| Select / deselect | 577 | |
| Select group hotkey | 619 | |
| Use ability | 246 | |
2429 total
» units
| Peasant | 25 | |
| Priest | 3 | |
| Sorceress | 3 | |
| Dragonhawk Rider | 7 | |
38 total
» upgrades
| Masonry | 3 | |
| Sorceress Training | 2 | |
| Magic Sentry | 1 | |
| Priest Training | 2 | |
| Gunpowder | 1 | |
| Armor | 3 | |
| Lumber Harvesting | 1 | |
| Storm Hammers | 1 | |
| Cloud | 1 | |
| Animal War Training | 1 | |
| Swords | 2 | |
18 total
» buildings
| Altar of Kings | 1 | |
| Farm | 18 | |
| Arcane Vault | 2 | |
| Lumber Mill | 1 | |
| Scout Tower | 51 | |
| Guard Tower | 28 | |
| Town Hall | 1 | |
| Keep | 2 | |
| Castle | 2 | |
| Arcane Sanctum | 1 | |
| Blacksmith | 1 | |
| Workshop | 1 | |
| Gryphon Aviary | 4 | |
| Barracks | 1 | |
| Arcane Tower | 2 | |
116 total
» build order
00:11 Altar of Kings
00:14 Farm
01:32 Farm
02:33 Arcane Vault
02:52 Lumber Mill
03:44 Scout Tower
03:55 Farm
04:13 Scout Tower
04:16 Guard Tower
04:24 Scout Tower
04:44 Guard Tower
04:46 Scout Tower
04:49 Scout Tower
04:51 Guard Tower
04:51 Guard Tower
05:04 Scout Tower
05:10 Scout Tower
05:12 Scout Tower
05:15 Guard Tower
05:17 Scout Tower
05:50 Guard Tower
05:52 Guard Tower
06:10 Scout Tower
06:19 Scout Tower
06:19 Scout Tower
06:41 Guard Tower
06:43 Scout Tower
06:49 Guard Tower
06:52 Scout Tower
06:53 Scout Tower
07:12 Guard Tower
07:14 Scout Tower
07:45 Guard Tower
07:47 Scout Tower
07:53 Town Hall
07:57 Guard Tower
08:04 Guard Tower
08:14 Farm
08:18 Scout Tower
08:23 Scout Tower
08:24 Scout Tower
08:26 Scout Tower
08:27 Scout Tower
08:56 Guard Tower
09:01 Guard Tower
09:05 Scout Tower
09:07 Scout Tower
09:25 Keep
09:54 Guard Tower
10:22 Guard Tower
10:24 Scout Tower
10:24 Scout Tower
10:27 Scout Tower
10:27 Scout Tower
11:51 Castle
11:52 Arcane Sanctum
11:56 Blacksmith
14:11 Workshop
14:14 Gryphon Aviary
14:15 Gryphon Aviary
14:16 Gryphon Aviary
14:17 Gryphon Aviary
14:19 Barracks
14:22 Farm
14:23 Farm
14:23 Farm
14:24 Farm
14:24 Farm
14:25 Farm
14:31 Farm
14:31 Farm
14:32 Farm
14:36 Farm
14:36 Farm
14:37 Farm
14:48 Guard Tower
14:50 Guard Tower
18:16 Scout Tower
18:40 Arcane Tower
18:41 Arcane Tower
20:15 Scout Tower
20:16 Scout Tower
20:24 Scout Tower
21:01 Guard Tower
22:02 Farm
27:52 Scout Tower
27:53 Scout Tower
27:54 Scout Tower
27:55 Scout Tower
27:56 Scout Tower
27:59 Scout Tower
28:12 Scout Tower
28:33 Guard Tower
28:38 Guard Tower
28:38 Guard Tower
28:42 Scout Tower
28:42 Scout Tower
28:43 Scout Tower
28:44 Scout Tower
28:46 Scout Tower
28:47 Scout Tower
29:00 Keep
29:31 Guard Tower
29:33 Scout Tower
29:34 Scout Tower
29:37 Scout Tower
29:38 Scout Tower
29:39 Scout Tower
29:43 Arcane Vault
30:17 Guard Tower
31:25 Castle
» items
| Scroll of Regeneration | 2 | |
| Healing Salve | 1 | |
| Staff of Teleportation | 1 | |
| Potion of Invisibility | 1 | |
| Boots of Speed | 1 | |
| Potion of Healing | 1 | |
| Tiny Great Hall | 1 | |
| Orb of Lightning | 1 | |
| Scroll of Town Portal | 2 | |
11 total
KODOS_FORSAKEN (
purple | 23 APM | 8195 actions | 362:24)
9 Blademaster
3 Wind Walk
3 Critical Strike
2 Bladestorm
1 Mirror Image
4 Shadow Hunter
2 Hex
2 Healing Wave
2 Goblin Tinker
1 Pocket Factory
1 Engineering Upgrade
» actions
| Assign group hotkey | 1104 | |
| Basic commands | 113 | |
| Build / train | 140 | |
| Enter build submenu | 36 | |
| Enter hero's abilities submenu | 15 | |
| Give item / drop item | 20 | |
| Right click | 3236 | |
| Select / deselect | 1463 | |
| Select group hotkey | 1348 | |
| Use ability | 720 | |
8195 total
» units
| Peon | 15 | |
| Demolisher | 6 | |
| Troll Batrider | 18 | |
| Raider | 3 | |
| Shaman | 2 | |
| Troll Witch Doctor | 1 | |
45 total
» upgrades
| Ranged Weapons | 3 | |
| Armor | 3 | |
| Reinforced Defenses | 1 | |
| Liquid Fire | 1 | |
| Burning Oil | 1 | |
| Shaman Training | 3 | |
| Witch Doctor Training | 3 | |
| Ensnare | 1 | |
16 total
» buildings
| Altar of Storms | 2 | |
| Orc Burrow | 10 | |
| War Mill | 2 | |
| Stronghold | 2 | |
| Voodoo Lounge | 3 | |
| Barracks | 2 | |
| Great Hall | 2 | |
| Beastiary | 2 | |
| Fortress | 2 | |
| Spirit Lodge | 3 | |
30 total
» build order
00:07 Altar of Storms
00:20 Orc Burrow
01:08 War Mill
02:32 Stronghold
02:49 Orc Burrow
02:56 Voodoo Lounge
03:54 Barracks
04:42 Orc Burrow
06:02 Great Hall
06:57 Beastiary
06:59 Fortress
08:10 Orc Burrow
08:48 Beastiary
15:10 Spirit Lodge
17:03 Orc Burrow
17:04 Orc Burrow
21:52 Spirit Lodge
23:26 Spirit Lodge
25:37 Voodoo Lounge
35:15 Orc Burrow
317:22 Great Hall
319:55 Stronghold
322:24 Altar of Storms
326:19 Fortress
328:58 Voodoo Lounge
344:25 Orc Burrow
344:27 Orc Burrow
344:31 Orc Burrow
347:30 Barracks
348:38 War Mill
» items
| Boots of Speed | 1 | |
| Staff of Teleportation | 1 | |
| Healing Salve | 4 | |
| Lesser Clarity Potion | 6 | |
| Orb of Lightning | 1 | |
| Scroll of Town Portal | 5 | |
| Potion of Lesser Invulnerability | 1 | |
| Potion of Mana | 1 | |
| Potion of Healing | 1 | |
| Circlet of Nobility | 5 | |
| Mechanical Critter | 15 | |
| Tiny Great Hall | 1 | |
42 total
urdumb (
pink | 9 APM | 3258 actions | 362:21)
5 Goblin Alchemist
3 Acid Bomb
2 Chemical Rage
4 Paladin
2 Holy Light
2 Divine Shield
2 Goblin Tinker
1 Pocket Factory
1 Engineering Upgrade
2 Archmage
1 Blizzard
1 Brilliance Aura
» actions
| Assign group hotkey | 24 | |
| Basic commands | 128 | |
| Build / train | 113 | |
| Enter build submenu | 51 | |
| Enter hero's abilities submenu | 13 | |
| Give item / drop item | 17 | |
| Remove unit from queue | 6 | |
| Right click | 1506 | |
| Select / deselect | 858 | |
| Select group hotkey | 237 | |
| Use ability | 305 | |
3258 total
» units
| Peasant | 13 | |
| Priest | 4 | |
| Mortar Team | 3 | |
| Sorceress | 6 | |
| Siege Engine | 3 | |
29 total
» upgrades
| Masonry | 3 | |
| Magic Sentry | 1 | |
| Sorceress Training | 2 | |
| Flare | 1 | |
| Priest Training | 2 | |
| Barrage | 1 | |
| Gunpowder | 3 | |
| Plating | 2 | |
15 total
» buildings
| Lumber Mill | 2 | |
| Scout Tower | 45 | |
| Farm | 13 | |
| Arcane Tower | 3 | |
| Guard Tower | 32 | |
| Altar of Kings | 1 | |
| Keep | 1 | |
| Arcane Vault | 1 | |
| Blacksmith | 1 | |
| Castle | 1 | |
| Arcane Sanctum | 1 | |
| Workshop | 3 | |
104 total
» build order
00:11 Lumber Mill
00:52 Scout Tower
00:53 Scout Tower
00:55 Scout Tower
00:56 Scout Tower
01:03 Farm
01:19 Arcane Tower
01:21 Arcane Tower
01:23 Arcane Tower
01:34 Scout Tower
01:35 Scout Tower
01:57 Scout Tower
01:59 Scout Tower
02:17 Guard Tower
02:32 Guard Tower
02:46 Guard Tower
02:47 Guard Tower
02:47 Guard Tower
02:49 Scout Tower
02:50 Scout Tower
02:53 Scout Tower
02:53 Scout Tower
03:19 Guard Tower
03:21 Guard Tower
03:23 Guard Tower
03:25 Scout Tower
03:26 Scout Tower
03:28 Scout Tower
03:29 Scout Tower
03:30 Guard Tower
03:36 Farm
03:39 Altar of Kings
03:52 Scout Tower
03:57 Scout Tower
03:59 Scout Tower
04:03 Guard Tower
04:06 Scout Tower
04:07 Scout Tower
04:11 Scout Tower
04:12 Guard Tower
04:23 Guard Tower
04:26 Guard Tower
04:29 Scout Tower
04:31 Scout Tower
04:34 Scout Tower
04:35 Scout Tower
04:46 Scout Tower
04:48 Scout Tower
04:50 Guard Tower
04:55 Guard Tower
04:55 Guard Tower
04:56 Guard Tower
04:56 Guard Tower
05:27 Guard Tower
05:36 Keep
05:51 Guard Tower
05:54 Scout Tower
05:57 Scout Tower
05:57 Scout Tower
06:04 Guard Tower
06:10 Guard Tower
06:17 Guard Tower
06:29 Guard Tower
07:01 Guard Tower
07:20 Arcane Vault
07:26 Blacksmith
07:58 Castle
08:31 Arcane Sanctum
09:06 Workshop
09:35 Farm
09:36 Farm
09:40 Farm
09:41 Farm
12:25 Farm
18:33 Farm
21:18 Workshop
21:19 Workshop
21:24 Farm
21:25 Farm
21:28 Farm
21:30 Farm
21:31 Farm
33:04 Scout Tower
33:10 Lumber Mill
33:14 Scout Tower
33:15 Scout Tower
33:16 Scout Tower
33:24 Scout Tower
33:33 Scout Tower
33:33 Scout Tower
33:35 Scout Tower
33:45 Scout Tower
33:46 Scout Tower
33:47 Scout Tower
33:49 Scout Tower
33:53 Scout Tower
33:56 Scout Tower
34:22 Guard Tower
34:40 Guard Tower
34:40 Guard Tower
34:44 Guard Tower
34:51 Guard Tower
34:52 Guard Tower
» items
| Scroll of Regeneration | 1 | |
| Staff of Teleportation | 1 | |
| Periapt of Vitality | 2 | |
| Scroll of Town Portal | 2 | |
| Staff of Sanctuary | 2 | |
| Orb of Lightning | 1 | |
9 total
team 2 (loser)
G-UniT-WhaT (
green | 27 APM | 9796 actions | 362:21)
4 Death Knight
2 Death Coil
2 Unholy Aura
3 Lich
2 Frost Nova
1 Frost Armor
2 Pit Lord
1 Rain of Fire
1 Howl of Terror
» actions
| Assign group hotkey | 135 | |
| Basic commands | 155 | |
| Build / train | 53 | |
| ESC pressed | 1 | |
| Enter build submenu | 17 | |
| Enter hero's abilities submenu | 10 | |
| Give item / drop item | 1 | |
| Remove unit from queue | 2 | |
| Right click | 4254 | |
| Select / deselect | 1470 | |
| Select group hotkey | 3048 | |
| Use ability | 649 | |
9796 total
» units
| Acolyte | 2 | |
| Ghoul | 3 | |
| Crypt Fiend | 14 | |
| Obsidian Statue | 1 | |
| Abomination | 2 | |
22 total
» upgrades
| Creature Attack | 3 | |
| Burrow | 1 | |
| Web | 1 | |
| Creature Carapace | 2 | |
7 total
» buildings
| Crypt | 2 | |
| Graveyard | 1 | |
| Altar of Darkness | 1 | |
| Ziggurat | 9 | |
| Tomb of Relics | 1 | |
| Nerubian Tower | 1 | |
| Halls of the Dead | 1 | |
| Slaughterhouse | 1 | |
| Spirit Tower | 3 | |
| Black Citadel | 1 | |
| Sacrificial Pit | 1 | |
22 total
» build order
00:06 Crypt
00:11 Graveyard
00:30 Altar of Darkness
00:46 Ziggurat
01:06 Tomb of Relics
01:52 Ziggurat
02:21 Nerubian Tower
03:41 Halls of the Dead
04:20 Crypt
04:42 Ziggurat
06:22 Ziggurat
07:22 Slaughterhouse
07:39 Spirit Tower
08:08 Ziggurat
08:18 Spirit Tower
09:29 Black Citadel
10:13 Ziggurat
12:43 Ziggurat
14:59 Spirit Tower
15:51 Ziggurat
17:10 Ziggurat
21:30 Sacrificial Pit
» items
| Rod of Necromancy | 1 | |
| Dust of Appearance | 1 | |
| Orb of Corruption | 1 | |
| Scroll of Town Portal | 1 | |
4 total
LaEvaTeiNn) (
red | 61 APM | 4457 actions | 73:16)
5 Priestess of the Moon
3 Scout
2 Trueshot Aura
» actions
| Assign group hotkey | 28 | |
| Basic commands | 217 | |
| Build / train | 118 | |
| ESC pressed | 6 | |
| Enter build submenu | 58 | |
| Enter hero's abilities submenu | 5 | |
| Remove unit from queue | 1 | |
| Right click | 1718 | |
| Select / deselect | 905 | |
| Select group hotkey | 1045 | |
| Use ability | 356 | |
4457 total
» units
» upgrades
| Strength of the Moon | 1 | |
| Moon Armor | 1 | |
| Nature's Blessing | 1 | |
| Reinforced Hides | 3 | |
| Abolish Magic | 1 | |
| Strength of the Wild | 3 | |
| Well Spring | 1 | |
| Corrosive Breath | 1 | |
| Ultravision | 1 | |
13 total
» buildings
| Altar of Elders | 1 | |
| Moon Well | 15 | |
| Hunter's Hall | 1 | |
| Ancient of War | 2 | |
| Tree of Life | 3 | |
| Ancient Protector | 21 | |
| Tree of Ages | 1 | |
| Ancient of Lore | 2 | |
| Ancient of Wind | 2 | |
| Tree of Eternity | 2 | |
| Ancient of Wonders | 1 | |
| Chimaera Roost | 3 | |
54 total
» build order
00:16 Altar of Elders
00:19 Moon Well
01:38 Hunter's Hall
01:57 Ancient of War
02:18 Ancient of War
02:42 Moon Well
02:47 Moon Well
05:23 Moon Well
06:50 Tree of Life
07:30 Ancient Protector
08:12 Ancient Protector
08:17 Ancient Protector
08:23 Tree of Life
09:04 Ancient Protector
10:27 Ancient Protector
10:45 Tree of Ages
11:05 Ancient Protector
12:20 Ancient Protector
12:24 Ancient Protector
13:00 Ancient Protector
13:02 Ancient Protector
13:06 Ancient Protector
13:08 Ancient Protector
13:14 Ancient Protector
13:20 Ancient Protector
13:47 Ancient Protector
15:04 Ancient of Lore
15:09 Ancient of Lore
16:18 Ancient Protector
16:28 Ancient Protector
16:42 Moon Well
16:45 Ancient Protector
16:48 Ancient Protector
16:52 Ancient Protector
16:59 Ancient Protector
18:42 Ancient of Wind
19:00 Moon Well
19:02 Moon Well
20:26 Tree of Eternity
20:26 Tree of Eternity
21:37 Ancient of Wonders
24:05 Chimaera Roost
24:13 Chimaera Roost
24:22 Chimaera Roost
26:59 Tree of Life
28:58 Ancient of Wind
66:13 Moon Well
67:22 Moon Well
67:31 Moon Well
68:31 Moon Well
68:41 Moon Well
69:19 Moon Well
70:55 Moon Well
71:12 Moon Well
» items
| Orb of Lightning | 1 | |
| Circlet of Nobility | 1 | |
2 total

»
SK.WeRRa-CrAfT (
blue | 55 APM | 19883 actions | 358:19)
6 Tauren Chieftain
3 Endurance Aura
2 Shockwave
1 War Stomp
1 Pandaren Brewmaster
1 Breath of Fire
1 Goblin Tinker
1 Pocket Factory
» actions
| Assign group hotkey | 674 | |
| Basic commands | 271 | |
| Build / train | 112 | |
| ESC pressed | 6 | |
| Enter build submenu | 217 | |
| Enter hero's abilities submenu | 9 | |
| Give item / drop item | 4 | |
| Right click | 8696 | |
| Select / deselect | 4667 | |
| Select group hotkey | 3844 | |
| Use ability | 1365 | |
19883 total
» units
| Peon | 13 | |
| Grunt | 9 | |
| Demolisher | 4 | |
| Troll Batrider | 14 | |
| Troll Headhunter/Berserker | 2 | |
| Troll Witch Doctor | 3 | |
| Wind Rider | 1 | |
| Huntress | 1 | |
47 total
» upgrades
| Pillage | 1 | |
| Armor | 2 | |
| Reinforced Defenses | 1 | |
| Liquid Fire | 1 | |
| Burning Oil | 1 | |
| Ranged Weapons | 3 | |
| Troll Regeneration | 1 | |
| Berserker Upgrade | 1 | |
| Spiked Barricades | 2 | |
| Sentinel | 1 | |
14 total
» buildings
| Altar of Storms | 1 | |
| Orc Burrow | 9 | |
| War Mill | 2 | |
| Barracks | 5 | |
| Voodoo Lounge | 3 | |
| Stronghold | 2 | |
| Watch Tower | 126 | |
| Fortress | 3 | |
| Beastiary | 5 | |
| Spirit Lodge | 1 | |
157 total
» build order
00:11 Altar of Storms
00:18 Orc Burrow
01:11 War Mill
01:48 Barracks
01:52 Barracks
02:10 Orc Burrow
02:59 Orc Burrow
04:42 Voodoo Lounge
04:58 Voodoo Lounge
06:02 Orc Burrow
06:32 Stronghold
06:32 Stronghold
07:48 Watch Tower
07:49 Watch Tower
07:52 Watch Tower
08:16 Watch Tower
08:17 Watch Tower
09:08 Watch Tower
09:09 Watch Tower
09:26 Watch Tower
09:27 Watch Tower
10:04 Orc Burrow
10:40 Fortress
10:41 Fortress
10:43 War Mill
10:50 Watch Tower
10:51 Watch Tower
11:41 Voodoo Lounge
13:07 Beastiary
13:09 Beastiary
14:55 Orc Burrow
14:58 Orc Burrow
15:46 Watch Tower
15:53 Watch Tower
15:56 Watch Tower
16:36 Watch Tower
17:49 Watch Tower
17:50 Watch Tower
17:52 Watch Tower
18:29 Barracks
18:31 Barracks
18:43 Barracks
19:34 Watch Tower
19:35 Watch Tower
19:36 Watch Tower
19:37 Watch Tower
20:22 Orc Burrow
20:23 Orc Burrow
37:07 Beastiary
37:09 Beastiary
37:16 Beastiary
56:25 Watch Tower
56:26 Watch Tower
56:27 Watch Tower
56:28 Watch Tower
56:30 Watch Tower
56:33 Watch Tower
56:35 Watch Tower
56:36 Watch Tower
56:39 Watch Tower
57:26 Watch Tower
57:28 Watch Tower
57:31 Watch Tower
57:33 Watch Tower
57:35 Watch Tower
57:38 Watch Tower
57:56 Watch Tower
57:57 Watch Tower
57:58 Watch Tower
57:59 Watch Tower
59:11 Watch Tower
59:12 Watch Tower
59:13 Watch Tower
59:13 Watch Tower
59:16 Watch Tower
59:17 Watch Tower
59:24 Watch Tower
59:25 Watch Tower
60:14 Watch Tower
60:17 Watch Tower
60:18 Watch Tower
60:22 Watch Tower
60:41 Watch Tower
60:45 Watch Tower
60:48 Watch Tower
61:00 Watch Tower
61:19 Watch Tower
61:22 Watch Tower
61:23 Watch Tower
62:25 Watch Tower
62:27 Watch Tower
62:30 Watch Tower
62:33 Watch Tower
62:34 Watch Tower
63:35 Watch Tower
63:37 Watch Tower
63:38 Watch Tower
63:45 Watch Tower
63:46 Watch Tower
64:10 Watch Tower
64:55 Watch Tower
64:56 Watch Tower
64:57 Watch Tower
64:59 Watch Tower
65:05 Watch Tower
66:04 Watch Tower
66:06 Watch Tower
66:07 Watch Tower
66:18 Watch Tower
66:19 Watch Tower
66:20 Watch Tower
67:20 Watch Tower
67:21 Watch Tower
67:22 Watch Tower
67:25 Watch Tower
67:26 Watch Tower
68:13 Watch Tower
68:28 Watch Tower
68:30 Watch Tower
68:32 Watch Tower
69:01 Watch Tower
69:02 Watch Tower
69:11 Watch Tower
69:13 Watch Tower
69:14 Watch Tower
69:16 Watch Tower
69:18 Watch Tower
69:20 Watch Tower
71:08 Watch Tower
71:09 Watch Tower
71:18 Watch Tower
71:18 Watch Tower
71:34 Watch Tower
71:36 Watch Tower
72:55 Watch Tower
72:56 Watch Tower
73:18 Watch Tower
73:25 Watch Tower
73:28 Watch Tower
73:33 Watch Tower
74:28 Watch Tower
74:29 Watch Tower
74:31 Watch Tower
74:37 Watch Tower
75:46 Watch Tower
75:48 Watch Tower
75:51 Watch Tower
75:57 Watch Tower
76:22 Watch Tower
76:59 Watch Tower
77:03 Watch Tower
77:10 Watch Tower
77:11 Watch Tower
77:18 Watch Tower
95:59 Spirit Lodge
248:40 Watch Tower
» items
| Healing Salve | 1 | |
| Scroll of Speed | 1 | |
| Lesser Clarity Potion | 3 | |
| Tome of Retraining | 1 | |
| Orb of Lightning | 2 | |
| Staff of Teleportation | 3 | |
11 total
Chat log
(00:05 / Allies) FFA_EIGHT: these guys gave us our first loss
(00:10 / Allies) KODOS_FORSAKEN: same nerds
(00:12 / Allies) urdumb: on this map
(00:15 / Allies) KODOS_FORSAKEN: ya
(00:22 / Allies) FFA_EIGHT: but they don't have humans!
(00:24 / Allies) FFA_EIGHT: hopefully
(00:31 / Allies) KODOS_FORSAKEN: they will glavies
(00:35 / Allies) KODOS_FORSAKEN: right away
(00:40 / Allies) KODOS_FORSAKEN: or garg feed or some shit
(00:42 / Allies) FFA_EIGHT: need the aoe
(00:48 / Allies) FFA_EIGHT: getting am
(01:21 / Allies) KODOS_FORSAKEN: g unit is a bad ud
(01:23 / Allies) KODOS_FORSAKEN: he sucks
(01:43 / Allies) KODOS_FORSAKEN: k
(01:54 / Allies) FFA_EIGHT: quick tech to pults
(01:57 / Allies) KODOS_FORSAKEN: ya
(02:08 / Allies) KODOS_FORSAKEN: wood me some
(02:17 / Allies) FFA_EIGHT: mass aoe rush
(02:19 / Allies) KODOS_FORSAKEN: hhs
(02:21 / Allies) KODOS_FORSAKEN: lol
(03:23 / Allies) KODOS_FORSAKEN: a lot of towers
(05:54 / Allies) KODOS_FORSAKEN: wood?
(06:34 / Allies) KODOS_FORSAKEN: no expo yet
(07:43 / Allies) FFA_EIGHT: dk has invuln
(07:54 / All) KODOS_FORSAKEN: SHIRT EATER WHAT
(08:52 / Allies) FFA_EIGHT: let nor creep
(08:56 / Allies) KODOS_FORSAKEN: just wanted
(08:57 / Allies) KODOS_FORSAKEN: 3
(09:12 / Allies) KODOS_FORSAKEN: lol
(10:44 / Allies) FFA_EIGHT: what
(10:56 / Allies) FFA_EIGHT: i guess this isn't the A team
(11:01 / Allies) KODOS_FORSAKEN: red is
(11:04 / Allies) KODOS_FORSAKEN: sms.crimson
(11:14 / Allies) KODOS_FORSAKEN: its the same nigger team
(12:15 / Allies) KODOS_FORSAKEN: use my pults
(15:26 / Allies) KODOS_FORSAKEN: lets tower perch soon
(16:28 / Allies) FFA_EIGHT: what a fucking faggot
(16:28 / Allies) FFA_EIGHT: jesus
(17:49 / Allies) KODOS_FORSAKEN: fucking fiends
(17:52 / Allies) KODOS_FORSAKEN: i swear to fucking god
(18:18 / Allies) KODOS_FORSAKEN: 3 fiends cant stop bats amazing
(19:45 / Allies) FFA_EIGHT: bats on my side
(20:52 / All) FFA_EIGHT: PRETTY SLICK
(21:00 / All) G-UniT-WhaT: u realize
(21:03 / All) G-UniT-WhaT: u wotn win right?
(21:08 / All) FFA_EIGHT: K
(23:05 / Allies) urdumb: gold before upkeep
(23:26 / Allies) KODOS_FORSAKEN: wood
(23:27 / Allies) FFA_EIGHT: wow.
(23:34 / All) KODOS_FORSAKEN: well ok
(23:45 / Allies) KODOS_FORSAKEN: gget up there fast
(24:10 / Allies) urdumb: no
(24:15 / Allies) urdumb: u can get up in 1 tp
(24:16 / Allies) urdumb: from there
(25:51 / Allies) urdumb: amazing
(25:53 / Allies) urdumb: cant get up from here
(26:33 / All) G-UniT-WhaT: u clearly lost nerds
(26:36 / Allies) FFA_EIGHT: lol
(26:42 / All) SK.WeRRa-CrAfT: waste of time
(26:44 / All) SK.WeRRa-CrAfT: pathetic geeks
(26:45 / Allies) KODOS_FORSAKEN: we need to get up fast
(26:45 / All) SK.WeRRa-CrAfT: jesus
(26:54 / Allies) urdumb: tp to it
(26:55 / Allies) urdumb: make hall
(27:18 / All) G-UniT-WhaT: WOW NICE ARMY
(27:19 / All) G-UniT-WhaT: ROFL
(27:20 / All) G-UniT-WhaT: ROFLROFRLFORLF
(27:22 / Allies) KODOS_FORSAKEN: lol
(27:41 / Allies) FFA_EIGHT: move out of the way
(29:10 / Allies) KODOS_FORSAKEN: all those useless pults and fiends
(29:21 / All) SK.WeRRa-CrAfT: ur acct name suits urself more and more
(29:22 / Allies) FFA_EIGHT: kodos
(29:25 / Allies) FFA_EIGHT: make mech critters now
(29:30 / All) G-UniT-WhaT: Agreed
(29:59 / All) G-UniT-WhaT: u know wat u shud do
(30:01 / All) G-UniT-WhaT: Get a fucking elf
(30:04 / All) G-UniT-WhaT: fly a dott on teh cliff
(30:05 / Allies) FFA_EIGHT: lol
(30:06 / Allies) KODOS_FORSAKEN: lol
(30:06 / All) G-UniT-WhaT: tp a bm and hall there
(30:09 / All) KODOS_FORSAKEN: huh
(30:11 / All) G-UniT-WhaT: but u guys r so fucking retarded.
(30:11 / Allies) FFA_EIGHT: oh wow
(30:17 / All) G-UniT-WhaT: huh is exactly
(30:20 / Allies) FFA_EIGHT: roifl
(30:21 / All) KODOS_FORSAKEN: you guys got lucky
(30:25 / All) G-UniT-WhaT: LOL
(30:26 / All) G-UniT-WhaT: LKUCKY?
(30:27 / All) SK.WeRRa-CrAfT: ..
(30:29 / All) SK.WeRRa-CrAfT: this was nothin
(30:29 / Allies) KODOS_FORSAKEN: lets egg them on
(30:30 / All) G-UniT-WhaT: UR A JOKE SON
(30:31 / All) SK.WeRRa-CrAfT: but a waste of time
(30:34 / All) SK.WeRRa-CrAfT: u pathetic nerd
(30:34 / All) G-UniT-WhaT: THIS WAS A STOMP
(30:39 / All) G-UniT-WhaT: WE STILL HAVE 20K.. SAVED
(30:40 / All) G-UniT-WhaT: wAT U GOT
(30:41 / All) KODOS_FORSAKEN: whoa clam down
(30:44 / All) G-UniT-WhaT: 2K?AND 50 TOWEER?
(30:49 / All) KODOS_FORSAKEN: dont eat your shirt
(31:11 / All) urdumb: 20k
(31:13 / All) G-UniT-WhaT: or even 6?
(31:15 / All) urdumb: ur practically warren buffet
(31:26 / All) G-UniT-WhaT: or hawks?
(31:27 / All) G-UniT-WhaT: Vs fiend?
(31:29 / All) SK.WeRRa-CrAfT: learn how to spell
(31:30 / All) G-UniT-WhaT: ver pro
(31:41 / All) G-UniT-WhaT: gogo hawkls.
(31:50 / All) KODOS_FORSAKEN: hey manner up
(31:53 / All) KODOS_FORSAKEN: ty
(31:57 / All) SK.WeRRa-CrAfT: mayb
(32:00 / All) SK.WeRRa-CrAfT: get a life
(32:01 / All) G-UniT-WhaT: why would i manner up vs ur trashass
(32:11 / All) FFA_EIGHT: woah manners there
(32:41 / All) G-UniT-WhaT: gogo raider..
(32:53 / Allies) KODOS_FORSAKEN: do they know were up there yet?
(32:56 / Allies) FFA_EIGHT: no
(32:58 / Allies) KODOS_FORSAKEN: lol
(33:05 / Allies) FFA_EIGHT: set up wards
(33:25 / Allies) FFA_EIGHT: also more critters
(34:04 / Allies) KODOS_FORSAKEN: so many fiends
(34:09 / Allies) KODOS_FORSAKEN: all worthless
(34:15 / Allies) FFA_EIGHT: there we go
(34:24 / All) urdumb: oh hi
(34:37 / All) FFA_EIGHT: "ur to dumb to protocol property on this map"
(34:40 / All) FFA_EIGHT: - dumb brazilian rat
(34:47 / All) SK.WeRRa-CrAfT: property?
(34:49 / All) SK.WeRRa-CrAfT: u cant even make
(34:51 / All) SK.WeRRa-CrAfT: a proper
(34:52 / All) SK.WeRRa-CrAfT: sentence
(34:54 / All) FFA_EIGHT: that's what you said
(34:55 / All) SK.WeRRa-CrAfT: u nerd
(34:58 / All) G-UniT-WhaT: u fucking lost dumbass
(34:59 / All) FFA_EIGHT: "u cant"
(35:00 / All) FFA_EIGHT: wtf is that
(35:01 / All) G-UniT-WhaT: ur jsut stalling even more
(35:03 / All) FFA_EIGHT: "
(35:07 / All) FFA_EIGHT: "ur jsut"
(35:09 / All) FFA_EIGHT: jesus christ
(35:14 / All) FFA_EIGHT: aheueueheuhueueue
(35:33 / All) KODOS_FORSAKEN: you need a ticket
(35:40 / All) KODOS_FORSAKEN: for the boat to get up here btw
(35:53 / All) urdumb: they got 20k so its ok
(35:59 / All) KODOS_FORSAKEN: 20 gs in da bank
(38:48 / Allies) urdumb: if tanks get low us staff on my alch/paladin incase i forget
(39:09 / All) KODOS_FORSAKEN: i told you
(39:14 / All) KODOS_FORSAKEN: you need a boat green
(39:17 / All) KODOS_FORSAKEN: to get up
(40:18 / All) FFA_EIGHT: owls don't do damage silly
(40:34 / All) KODOS_FORSAKEN: reds the worthless elf
(40:41 / All) KODOS_FORSAKEN: he thinks hes doing something by sending owls
(40:44 / All) KODOS_FORSAKEN: to scout us
(41:08 / Allies) FFA_EIGHT: orc is massing bats
(42:32 / Allies) KODOS_FORSAKEN: they killed my critter nigger
(43:06 / All) SK.WeRRa-CrAfT: nice pig
(43:16 / All) FFA_EIGHT: right now their faces are two inches from their monitors
(43:20 / All) FFA_EIGHT: Looking for all our hidden units
(43:24 / All) SK.WeRRa-CrAfT: nah im about to leave
(43:28 / All) FFA_EIGHT: k
(43:30 / All) KODOS_FORSAKEN: but you won?
(43:40 / All) SK.WeRRa-CrAfT: i cant beleve u do this
(43:41 / All) SK.WeRRa-CrAfT: to get a win
(43:42 / All) SK.WeRRa-CrAfT: On a game
(43:44 / All) KODOS_FORSAKEN: do what
(43:48 / All) FFA_EIGHT: he has big things to do
(43:57 / All) KODOS_FORSAKEN: hes got to practice ne ne ud tactics
(44:45 / Allies) KODOS_FORSAKEN: will u get stuck
(44:47 / Allies) KODOS_FORSAKEN: if u tp to that
(44:55 / Allies) FFA_EIGHT: doubt it
(44:56 / Allies) urdumb: no
(44:59 / Allies) urdumb: hero wouldnt fit
(45:27 / All) KODOS_FORSAKEN: these guys stomped us
(45:31 / All) KODOS_FORSAKEN: but they haven't won yet
(45:49 / Allies) urdumb: "
(46:02 / All) urdumb: "OH MAN THEY HAVENT EVEN FAUGHT BACK WE ARE TOTALLY STOMPING THEM LOL"
(46:08 / Allies) KODOS_FORSAKEN: invis hawks and rape em?
(46:14 / Allies) FFA_EIGHT: lo
(46:23 / Allies) FFA_EIGHT: too risky
(46:29 / All) KODOS_FORSAKEN: STOMPED OUR TOWERS TO THE GROUND!
(46:43 / All) FFA_EIGHT: "im about to leave"
(46:59 / Allies) FFA_EIGHT: reset wards
(47:55 / Allies) FFA_EIGHT: he is trying to shockwave our ubildings
(47:57 / Allies) KODOS_FORSAKEN: k good
(48:13 / Allies) FFA_EIGHT: looks like they aren't even trying
(48:41 / Allies) FFA_EIGHT: they must think 100 food bats will solve everything
(48:46 / Allies) KODOS_FORSAKEN: ya
(48:49 / Allies) KODOS_FORSAKEN: and chimes
(48:56 / Allies) FFA_EIGHT: only has one roost
(49:09 / All) KODOS_FORSAKEN: hope you guys got a lot of gold
(49:19 / All) SK.WeRRa-CrAfT: hope u get a life
(49:20 / All) SK.WeRRa-CrAfT: one day
(49:27 / All) FFA_EIGHT: "im about to leave"
(49:28 / All) KODOS_FORSAKEN: u mad
(49:29 / All) SK.WeRRa-CrAfT: ugly 40 yr old virgin
(50:43 / All) KODOS_FORSAKEN: lol
(50:55 / All) FFA_EIGHT: he killed
(50:56 / All) FFA_EIGHT: one.
(50:58 / All) KODOS_FORSAKEN: FUCK WE LOST
(51:16 / All) KODOS_FORSAKEN: look
(51:21 / All) KODOS_FORSAKEN: you guys need
(51:24 / All) KODOS_FORSAKEN: bone dragons
(51:29 / All) G-UniT-WhaT: looks
(51:31 / All) G-UniT-WhaT: u need a life
(51:35 / All) FFA_EIGHT: "im about to leave"
(51:57 / All) urdumb: normal people would just accept that they got outplayed and leave
(51:59 / All) urdumb: but you guys
(52:06 / All) KODOS_FORSAKEN: these guys are 3s pros
(52:16 / All) urdumb: you need to prove that you are simultaneously the best players on bnet and not nerds
(52:25 / All) urdumb: which is an interesting combo
(52:34 / All) SK.WeRRa-CrAfT: hey
(52:37 / All) SK.WeRRa-CrAfT: if u ddint realize
(52:39 / All) SK.WeRRa-CrAfT: kodos has played
(52:43 / All) SK.WeRRa-CrAfT: 5k more games if not more
(52:45 / All) SK.WeRRa-CrAfT: than us
(52:46 / All) FFA_EIGHT: "im about to leave"
(53:11 / All) urdumb: so what you are saying is that you are nerds but less nerdy than kodos
(53:24 / Allies) FFA_EIGHT: owl going to you
(53:28 / All) SK.WeRRa-CrAfT: everyone on bnet
(53:30 / All) SK.WeRRa-CrAfT: is less nerdy than kodo
(53:32 / All) SK.WeRRa-CrAfT: even u
(53:37 / All) KODOS_FORSAKEN: then leave
(53:37 / All) FFA_EIGHT: IM ABOUT TO LEAVE
(53:38 / All) FFA_EIGHT: ACTUALLY
(53:39 / All) urdumb: why did u avoid my question
(53:44 / All) KODOS_FORSAKEN: dont you got real life
(53:46 / All) KODOS_FORSAKEN: then
(53:49 / All) KODOS_FORSAKEN: cool guy
(53:58 / All) SK.WeRRa-CrAfT: tomarrows what christmas eve?
(54:03 / All) SK.WeRRa-CrAfT: what else could i do right now
(54:06 / All) FFA_EIGHT: TOMARROWS
(54:07 / All) KODOS_FORSAKEN: oh ok
(54:09 / All) FFA_EIGHT: SO YOU LIED
(54:13 / All) urdumb: GO TO DA CLUB LOL
(54:16 / All) SK.WeRRa-CrAfT: club
(54:19 / All) SK.WeRRa-CrAfT: thrusday
(54:20 / All) SK.WeRRa-CrAfT: nite
(54:24 / All) SK.WeRRa-CrAfT: and friday
(54:24 / All) SK.WeRRa-CrAfT: :D
(54:25 / All) FFA_EIGHT: so you lied
(54:29 / All) SK.WeRRa-CrAfT: about?
(54:32 / Allies) KODOS_FORSAKEN: fuck did that aco go
(54:35 / All) FFA_EIGHT: you said you were about to leave
(54:40 / All) SK.WeRRa-CrAfT: i was?
(54:42 / All) SK.WeRRa-CrAfT: ppl change minds
(54:46 / All) FFA_EIGHT: so
(54:46 / All) KODOS_FORSAKEN: k
(54:48 / All) FFA_EIGHT: you were about to leave
(54:54 / All) FFA_EIGHT: but decided to sit here for hours calling us nerds
(54:56 / All) FFA_EIGHT: makes sense
(55:00 / All) G-UniT-WhaT: no
(55:02 / All) G-UniT-WhaT: u doing this
(55:04 / All) G-UniT-WhaT: Ever game
(55:07 / All) urdumb: he needs to win this so he has something to talk about at da club
(55:07 / All) G-UniT-WhaT: cuz u cant paly porperly
(55:07 / All) KODOS_FORSAKEN: u mad?
(55:09 / All) G-UniT-WhaT: is no life
(55:11 / Allies) FFA_EIGHT: we dont get highperch every game
(55:11 / All) G-UniT-WhaT: no
(55:13 / All) G-UniT-WhaT: im glad
(55:16 / All) KODOS_FORSAKEN: i beat you 1 on 1 remember green?
(55:16 / All) G-UniT-WhaT: cuz i can afk
(55:16 / All) FFA_EIGHT: why do you avoid what we say
(55:18 / All) G-UniT-WhaT: sit in base
(55:20 / All) KODOS_FORSAKEN: quick rape
(55:22 / All) G-UniT-WhaT: period
(55:28 / All) FFA_EIGHT: grrrr
(55:29 / All) G-UniT-WhaT: all we gotta do is afk in base and u lose
(55:32 / All) FFA_EIGHT: GRRR
(55:33 / All) KODOS_FORSAKEN: lol
(55:45 / Allies) FFA_EIGHT: find the chims
(55:49 / Allies) FFA_EIGHT: see if i can invisible hawk em
(55:52 / All) KODOS_FORSAKEN: look i admit if you guys were ne ne ud
(55:55 / All) KODOS_FORSAKEN: we might of lost
(55:57 / All) KODOS_FORSAKEN: ur pro ne ne ud
(56:03 / All) FFA_EIGHT: PRO GAMERS
(56:15 / Allies) KODOS_FORSAKEN: just need 100 more exp
(56:38 / Allies) FFA_EIGHT: three roosts and no chims
(57:08 / Allies) FFA_EIGHT: already in the "sit in one base" phase
(57:20 / All) KODOS_FORSAKEN: you guys are no fun
(57:31 / All) G-UniT-WhaT: we can mass towers worth 10k too
(57:36 / All) FFA_EIGHT: probably not
(57:40 / All) SK.WeRRa-CrAfT: nah
(57:41 / All) SK.WeRRa-CrAfT: we are
(57:43 / All) SK.WeRRa-CrAfT: im doing it
(57:44 / Allies) FFA_EIGHT: gonna mortar
(57:44 / All) SK.WeRRa-CrAfT: right noqw
(57:45 / Allies) KODOS_FORSAKEN: k
(57:46 / Allies) FFA_EIGHT: kill shade
(57:52 / Allies) FFA_EIGHT: o ok
(58:34 / Allies) KODOS_FORSAKEN: lol
(58:36 / Allies) FFA_EIGHT: he's killing off the other towers so we dont get exp
(58:37 / Allies) FFA_EIGHT: what a nigger
(59:19 / Allies) KODOS_FORSAKEN: we could probably take their army
(59:42 / All) KODOS_FORSAKEN: why dont you just leave
(59:46 / All) KODOS_FORSAKEN: you're not going to win
(59:48 / All) G-UniT-WhaT: cuz were gaonna afk
(59:49 / All) KODOS_FORSAKEN: no one ever does
(59:50 / All) SK.WeRRa-CrAfT: at what were doin
(59:52 / All) G-UniT-WhaT: after our base is made
(59:52 / All) SK.WeRRa-CrAfT: once i spent
(59:54 / All) SK.WeRRa-CrAfT: 10 more k
(59:55 / All) G-UniT-WhaT: so u cant win eiether dumbas
(60:00 / All) KODOS_FORSAKEN: you sure?
(60:05 / All) KODOS_FORSAKEN: we've never lost doing this
(60:15 / All) KODOS_FORSAKEN: you going to afk and eat shirts?
(60:18 / All) G-UniT-WhaT: ur worthless army cant beat us
(60:22 / Allies) urdumb: we dont have a 2nd hall?
(60:25 / All) KODOS_FORSAKEN: while ur "afk"
(60:26 / All) KODOS_FORSAKEN: k
(60:44 / Allies) KODOS_FORSAKEN: i thought we had one?
(61:03 / Allies) KODOS_FORSAKEN: i can always teck and get one
(62:40 / Allies) KODOS_FORSAKEN: lol
(65:52 / Allies) KODOS_FORSAKEN: no more nigger shade
(66:27 / All) SK.WeRRa-CrAfT: fun
(66:27 / All) SK.WeRRa-CrAfT: eh
(66:30 / All) SK.WeRRa-CrAfT: i still got 6k
(66:31 / All) SK.WeRRa-CrAfT: weeee
(66:53 / All) KODOS_FORSAKEN: ok and?
(66:56 / All) KODOS_FORSAKEN: you lost
(71:18 / All) G-UniT-WhaT: dumbasses
(71:24 / All) G-UniT-WhaT: u honestly thot we didnt have 20k?
(71:28 / All) G-UniT-WhaT: Were complete.
(71:29 / All) G-UniT-WhaT: afk.
(71:30 / All) G-UniT-WhaT: bye nerds
(71:37 / All) SK.WeRRa-CrAfT: WAIT
(71:41 / All) SK.WeRRa-CrAfT: 2k more
(71:42 / All) SK.WeRRa-CrAfT: god
(71:42 / All) SK.WeRRa-CrAfT: :D
(71:50 / All) urdumb: i only wish i could see your reaction when you come back to a defeat screen
(71:56 / All) SK.WeRRa-CrAfT: ill laugh
(71:58 / All) SK.WeRRa-CrAfT: at how long
(72:00 / All) SK.WeRRa-CrAfT: u tried
(72:02 / All) G-UniT-WhaT: come back to victory?
(72:02 / All) SK.WeRRa-CrAfT: to kill us
(72:03 / All) SK.WeRRa-CrAfT: ha
(72:03 / All) G-UniT-WhaT: cuz ua lt qq?
(72:14 / All) KODOS_FORSAKEN: no we do this for fun
(72:16 / All) KODOS_FORSAKEN: you dont
(72:21 / All) KODOS_FORSAKEN: which is why we will win
(72:25 / All) KODOS_FORSAKEN: you will get bored
(72:29 / All) SK.WeRRa-CrAfT: im gonna
(72:32 / All) SK.WeRRa-CrAfT: have comp
(72:35 / All) SK.WeRRa-CrAfT: 2 feet from me
(72:37 / All) SK.WeRRa-CrAfT: watching a movie
(72:38 / All) KODOS_FORSAKEN: ok
(73:09 / Allies) KODOS_FORSAKEN: k got 6
(73:11 / All) G-UniT-WhaT: u think bladestorm
(73:13 / All) G-UniT-WhaT: will save u?
(73:14 / All) G-UniT-WhaT: rofl
(73:21 / All) KODOS_FORSAKEN: 1 nerd down
(73:32 / All) G-UniT-WhaT: 3 more to go.
(73:38 / All) KODOS_FORSAKEN: ya
(73:41 / All) KODOS_FORSAKEN: you count as 2
(73:44 / All) KODOS_FORSAKEN: you're so fat
(74:39 / All) G-UniT-WhaT: We still got 10k morons
(74:50 / All) urdumb: arent you afk?
(74:56 / All) SK.WeRRa-CrAfT: once i spent
(74:58 / All) SK.WeRRa-CrAfT: 2 k more
(74:59 / All) SK.WeRRa-CrAfT: :D
(75:06 / All) KODOS_FORSAKEN: its spend
(75:08 / All) KODOS_FORSAKEN: idiot
(75:53 / All) G-UniT-WhaT: u flare
(75:55 / All) G-UniT-WhaT: right on our new towers
(75:58 / All) G-UniT-WhaT: u sure dont maphack
(76:01 / All) SK.WeRRa-CrAfT: LOl
(76:03 / All) SK.WeRRa-CrAfT: I was thinkin
(76:04 / All) SK.WeRRa-CrAfT: same
(76:11 / All) G-UniT-WhaT: i think i shall post this replay
(76:15 / All) KODOS_FORSAKEN: i hope that wasn't a serious comment
(76:17 / All) G-UniT-WhaT: in nerdish of kodos_hackingsaken
(76:28 / All) KODOS_FORSAKEN: i mean i know you guys are stupid...
(76:38 / All) SK.WeRRa-CrAfT: dude
(76:41 / All) SK.WeRRa-CrAfT: how can u even talk
(76:46 / All) SK.WeRRa-CrAfT: ur 40 yr old virgin
(78:10 / All) G-UniT-WhaT: how did u get up
(78:11 / All) G-UniT-WhaT: anywayz
(78:12 / All) G-UniT-WhaT: tinker?
(78:25 / All) KODOS_FORSAKEN: boats
(79:12 / All) G-UniT-WhaT: clearly ur out og fold
(79:14 / All) G-UniT-WhaT: cuz u cant rebuy tp
(79:15 / All) G-UniT-WhaT: rofl
(79:18 / All) G-UniT-WhaT: must suck
(79:20 / All) G-UniT-WhaT: eh nerd?
(79:31 / Allies) urdumb: how much gold do you have
(79:39 / Allies) KODOS_FORSAKEN: 4 k
(79:56 / All) urdumb: die
(79:58 / All) KODOS_FORSAKEN: we only got 200 gold
(80:04 / All) KODOS_FORSAKEN: but we dont need gold
(80:40 / All) SK.WeRRa-CrAfT: nerd
(80:41 / All) G-UniT-WhaT: use that 350
(80:42 / All) G-UniT-WhaT: dumbass
(81:15 / All) FFA_EIGHT: Look at these nerds
(81:17 / All) G-UniT-WhaT: u wont luck out next time kid
(81:17 / All) KODOS_FORSAKEN: grrr nerd rage
(81:19 / All) FFA_EIGHT: Look how hard they are trying to win
(81:24 / All) SK.WeRRa-CrAfT: muha
(81:24 / All) KODOS_FORSAKEN: pausing for hero kills
(81:31 / All) SK.WeRRa-CrAfT: im enjoying my movie
(81:49 / All) G-UniT-WhaT: hi pig
(81:50 / All) G-UniT-WhaT: die
(82:04 / All) G-UniT-WhaT: so how did u geeks get up there without a dott?
(82:09 / All) KODOS_FORSAKEN: that wasn't even our pig
(82:14 / All) urdumb: boats
(82:19 / All) SK.WeRRa-CrAfT: clearly it was
(82:23 / All) SK.WeRRa-CrAfT: theres no critters on this map
(82:27 / All) KODOS_FORSAKEN: you sure
(82:35 / All) SK.WeRRa-CrAfT: i dunno?
(82:37 / All) SK.WeRRa-CrAfT: lol
(82:39 / All) SK.WeRRa-CrAfT: i think
(82:41 / All) SK.WeRRa-CrAfT: u tell me nerd
(82:48 / All) KODOS_FORSAKEN: you can kill all the pigs you want
(82:51 / All) KODOS_FORSAKEN: we dont care
(82:54 / All) SK.WeRRa-CrAfT: i know
(82:55 / All) SK.WeRRa-CrAfT: u use
(82:56 / All) SK.WeRRa-CrAfT: factory
(82:58 / All) SK.WeRRa-CrAfT: we know
(83:03 / All) KODOS_FORSAKEN: no we use boats
(83:04 / All) urdumb: i can picture green with his face 2 inches from the monitor again
(83:07 / All) urdumb: going over the entire map
(83:16 / All) KODOS_FORSAKEN: hes "pig hunting"
(83:22 / All) SK.WeRRa-CrAfT: yah
(83:23 / All) urdumb: while afk!
(83:25 / All) SK.WeRRa-CrAfT: lookin for the king pig
(83:25 / All) SK.WeRRa-CrAfT: u
(83:29 / All) KODOS_FORSAKEN: afk ping hunting
(83:32 / All) KODOS_FORSAKEN: very skilled
(83:41 / All) SK.WeRRa-CrAfT: dead pig
(83:43 / All) FFA_EIGHT: boy these guys sure don't care about this game
(83:56 / All) SK.WeRRa-CrAfT: ...
(83:58 / All) SK.WeRRa-CrAfT: I told u
(84:01 / All) SK.WeRRa-CrAfT: im watchin movie
(84:01 / All) FFA_EIGHT: you know that while it may be difficult for us to win
(84:03 / All) SK.WeRRa-CrAfT: ill go make food soon
(84:07 / All) FFA_EIGHT: it is literally impossible for you to win
(84:18 / All) KODOS_FORSAKEN: yeah there is 0% chance you win
(84:22 / All) KODOS_FORSAKEN: unless we all disc
(84:25 / All) KODOS_FORSAKEN: which wont happen
(84:34 / All) urdumb: i have several computers
(84:35 / All) G-UniT-WhaT: blue
(84:35 / All) G-UniT-WhaT: never
(84:36 / All) SK.WeRRa-CrAfT: so ill afk
(84:36 / All) G-UniT-WhaT: discs.
(84:42 / All) urdumb: playing warhammer on my other comp
(84:45 / All) KODOS_FORSAKEN: but you cant win either way idiot
(84:48 / All) KODOS_FORSAKEN: while we can
(84:54 / All) KODOS_FORSAKEN: get that threw your fat head
(84:56 / All) G-UniT-WhaT: no u cnt
(84:57 / All) SK.WeRRa-CrAfT: kodos
(84:58 / All) SK.WeRRa-CrAfT: just wont
(85:00 / All) SK.WeRRa-CrAfT: leave his comp
(85:03 / All) SK.WeRRa-CrAfT: which is y ill laugh
(85:06 / All) FFA_EIGHT: no see
(85:10 / All) FFA_EIGHT: we can because you can't attack us
(85:18 / All) FFA_EIGHT: you can't because as soon as you afk you lose
(85:22 / All) SK.WeRRa-CrAfT: ...
(85:24 / All) KODOS_FORSAKEN: ;)
(85:32 / All) FFA_EIGHT: they still don't understand
(85:35 / All) KODOS_FORSAKEN: we can afk all we want without being attacked
(85:38 / All) FFA_EIGHT: brazilians...
(85:39 / All) KODOS_FORSAKEN: while you cant
(85:46 / All) KODOS_FORSAKEN: just sayen
(85:48 / All) SK.WeRRa-CrAfT: brazilians..
(85:51 / All) SK.WeRRa-CrAfT: wow ur such a moron
(85:55 / All) SK.WeRRa-CrAfT: american trash
(85:57 / All) FFA_EIGHT: eaheheauehuauee
(87:17 / All) SK.WeRRa-CrAfT: hi pig
(87:20 / All) G-UniT-WhaT: down goes other pig
(87:31 / All) KODOS_FORSAKEN: afk pig hunting
(87:43 / All) SK.WeRRa-CrAfT: u cant pig hunt
(87:44 / All) SK.WeRRa-CrAfT: and afk
(87:45 / All) G-UniT-WhaT: i mafking after this
(87:46 / All) SK.WeRRa-CrAfT: silly nerd
(87:57 / All) KODOS_FORSAKEN: after what?
(88:00 / All) KODOS_FORSAKEN: you pig hunt?
(88:03 / All) G-UniT-WhaT: after i scouted whole thing
(88:06 / All) SK.WeRRa-CrAfT: u nerds are shittin ur pants
(88:08 / All) SK.WeRRa-CrAfT: cause u lost
(88:12 / All) KODOS_FORSAKEN: it doesn't matter if you kill the pigs
(88:27 / All) G-UniT-WhaT: u cant get heroes down moron
(88:33 / All) KODOS_FORSAKEN: we use boats
(88:42 / All) SK.WeRRa-CrAfT: hi pig
(88:52 / All) urdumb: green is clearly not the sharpest tool in the shed
(88:57 / Allies) KODOS_FORSAKEN: this is a pro
(89:00 / Allies) KODOS_FORSAKEN: pig spot
(89:05 / All) SK.WeRRa-CrAfT: hes a dull pitchfork
(89:23 / All) FFA_EIGHT: what if we can't get heroes down
(89:31 / All) FFA_EIGHT: doesn't change that you can't kill us
(89:37 / All) SK.WeRRa-CrAfT: like wise
(89:52 / All) FFA_EIGHT: you need to understand the difference between "impossible" and "improbable"
(90:06 / All) G-UniT-WhaT: theres no chance u can win
(90:10 / All) KODOS_FORSAKEN: hahaha
(90:11 / All) G-UniT-WhaT: cloud or bs
(90:11 / All) SK.WeRRa-CrAfT: i must have
(90:13 / All) FFA_EIGHT: brazilians
(90:13 / All) SK.WeRRa-CrAfT: over 300 towers
(90:24 / All) SK.WeRRa-CrAfT: hey
(90:25 / All) KODOS_FORSAKEN: and?
(90:26 / All) SK.WeRRa-CrAfT: if ur gonna insult
(90:30 / All) SK.WeRRa-CrAfT: insult correctly
(90:32 / All) SK.WeRRa-CrAfT: we canadians
(90:36 / All) KODOS_FORSAKEN: even worse
(90:39 / All) SK.WeRRa-CrAfT: kodo
(90:41 / All) SK.WeRRa-CrAfT: dont speak
(90:42 / All) SK.WeRRa-CrAfT: ur ugly
(90:49 / All) FFA_EIGHT: "im about to leave"
(91:04 / All) KODOS_FORSAKEN: brb pig hunting
(91:18 / All) SK.WeRRa-CrAfT: its fun yo
(91:22 / All) SK.WeRRa-CrAfT: better than sitting on a cliff
(93:30 / All) KODOS_FORSAKEN: we have a pig in ur base
(93:35 / All) KODOS_FORSAKEN: can you find it?
(93:36 / All) SK.WeRRa-CrAfT: tp to it
(93:37 / All) SK.WeRRa-CrAfT: plz
(95:55 / All) KODOS_FORSAKEN: you killed all of our pigs now we cant get down
(95:59 / All) KODOS_FORSAKEN: cept the one in ur base
(96:13 / All) SK.WeRRa-CrAfT: nah we saw u leave
(96:14 / All) SK.WeRRa-CrAfT: earlier
(96:16 / Allies) urdumb: why do you keep moving that bottom pig
(96:23 / Allies) KODOS_FORSAKEN: what one
(96:27 / Allies) urdumb: its harder to see under the tree
(96:33 / Allies) KODOS_FORSAKEN: k
(96:51 / All) KODOS_FORSAKEN: so then go pig hunt!
(96:56 / All) SK.WeRRa-CrAfT: nah
(96:59 / All) SK.WeRRa-CrAfT: building some wards
(97:00 / All) SK.WeRRa-CrAfT: then FOOD
(97:01 / All) SK.WeRRa-CrAfT: w00t
(97:11 / All) G-UniT-WhaT: we still ahve 10k..
(97:14 / All) G-UniT-WhaT: wat u got? 200?
(97:14 / All) SK.WeRRa-CrAfT: :D
(97:18 / All) KODOS_FORSAKEN: no
(97:19 / All) KODOS_FORSAKEN: 221
(97:25 / All) SK.WeRRa-CrAfT: how much
(97:26 / All) SK.WeRRa-CrAfT: honestly
(97:27 / All) SK.WeRRa-CrAfT: dont lie
(97:30 / All) KODOS_FORSAKEN: 221
(97:36 / All) SK.WeRRa-CrAfT: lie.com
(97:37 / All) KODOS_FORSAKEN: wasted rest of gold on perch
(100:46 / Allies) urdumb: green is still afk pig hunting
(101:30 / Allies) KODOS_FORSAKEN: these guys are hardcore nerds
(101:40 / Allies) KODOS_FORSAKEN: i bet they will be un afk for a couple of hours
(108:04 / Allies) KODOS_FORSAKEN: lol
(108:30 / Allies) urdumb: hes so afk he put wards on the cliff
(118:00 / Allies) KODOS_FORSAKEN: so whats the plan
(118:02 / Allies) KODOS_FORSAKEN: when they afk
(118:07 / Allies) KODOS_FORSAKEN: should i make a army?
(118:27 / Allies) urdumb: kill off the shit not in the towers first
(118:35 / Allies) urdumb: but i think itll be a while before they are really afk
(122:17 / Allies) FFA_EIGHT: it's a good thing they were too stupid to towe rthe other cliff
(134:47 / Allies) KODOS_FORSAKEN: no more wards
(134:49 / Allies) KODOS_FORSAKEN: might be afk
(135:16 / Allies) urdumb: can go kill the red buildings see if they move
(135:57 / Allies) KODOS_FORSAKEN: i could bs some towers
(137:10 / Allies) KODOS_FORSAKEN: ya they are afk atm
(138:53 / Allies) urdumb: green is running around again
(139:01 / Allies) KODOS_FORSAKEN: ya he made a owl
(139:15 / All) G-UniT-WhaT: U DONT MAPHACK
(139:16 / All) G-UniT-WhaT: NOP
(139:17 / All) G-UniT-WhaT: ROFL
(140:12 / Allies) KODOS_FORSAKEN: fiend
(140:16 / Allies) KODOS_FORSAKEN: ill kill in a sec
(142:35 / All) G-UniT-WhaT: funny how u know i burrowed b4 u flared
(142:37 / All) G-UniT-WhaT: so imba.
(142:39 / All) G-UniT-WhaT: i must admit
(142:42 / All) KODOS_FORSAKEN: i saw you burrow it
(142:46 / All) KODOS_FORSAKEN: shirt eater
(142:52 / All) G-UniT-WhaT: obviously u saw it
(142:54 / All) G-UniT-WhaT: useee everything
(143:20 / All) G-UniT-WhaT: Dead pig
(144:03 / All) G-UniT-WhaT: dead pig
(144:11 / All) urdumb: hacker!
(144:39 / All) KODOS_FORSAKEN: how does it feel knowing
(144:41 / All) KODOS_FORSAKEN: you can't win?
(144:54 / All) G-UniT-WhaT: i never disc
(144:58 / All) G-UniT-WhaT: i will be here for 5 days
(144:59 / All) G-UniT-WhaT: if needed
(145:03 / All) KODOS_FORSAKEN: ok
(145:03 / All) SK.WeRRa-CrAfT: im not even doing this
(145:05 / All) SK.WeRRa-CrAfT: for the win
(145:05 / All) G-UniT-WhaT: u cnt kill our base
(145:09 / All) G-UniT-WhaT: me tierh
(145:18 / All) G-UniT-WhaT: im doing this in laffing at u nerds
(145:23 / All) KODOS_FORSAKEN: what
(147:28 / All) G-UniT-WhaT: were rolling a bbq full of pigs
(147:38 / All) G-UniT-WhaT: theres another one
(147:42 / All) SK.WeRRa-CrAfT: HES MINE
(147:49 / All) G-UniT-WhaT: no that one was mine
(149:46 / All) G-UniT-WhaT: Dead
(149:47 / All) G-UniT-WhaT: DEAD
(149:50 / All) G-UniT-WhaT: TASTES GOOD
(151:42 / All) G-UniT-WhaT: I SEE U FUCKER
(151:58 / Allies) KODOS_FORSAKEN: u guys here
(156:29 / Allies) KODOS_FORSAKEN: we got no more pigs :(
(157:18 / Allies) urdumb: we can still tinker down
(157:23 / Allies) urdumb: and set some more pigs
(158:24 / Allies) KODOS_FORSAKEN: hes still
(158:28 / Allies) KODOS_FORSAKEN: pig hunting
(158:28 / Allies) KODOS_FORSAKEN: lol
(158:36 / Allies) urdumb: o
(168:30 / All) G-UniT-WhaT: HEY GUYS
(168:31 / All) G-UniT-WhaT: WANNA FADD?
(168:40 / All) G-UniT-WhaT: OH WAIT I CANT
(168:43 / All) G-UniT-WhaT: CUZ I ALRDY DISCED
(168:47 / All) G-UniT-WhaT: U KNOW WHAT THAT MEANS RIGHT?
(168:50 / All) G-UniT-WhaT: IT MEANS IM IN ERE FOR EVER
(168:51 / All) G-UniT-WhaT: MORONS
(168:52 / All) G-UniT-WhaT: GL
(168:59 / All) G-UniT-WhaT: AND I KNOW UR ALL THERE READING LIKE NERDS
(170:02 / All) G-UniT-WhaT: did u know
(170:05 / All) G-UniT-WhaT: theres a gm still?
(170:09 / All) G-UniT-WhaT: were gonna use it now.
(170:12 / All) G-UniT-WhaT: even tho we got 20k
(171:51 / All) G-UniT-WhaT: u know u cant tp ur tanks down ehre right?
(171:57 / All) G-UniT-WhaT: u fucking idiots need t3 orc shop
(171:59 / All) G-UniT-WhaT: for a hall
(172:02 / All) G-UniT-WhaT: enjoy dumbasses.
(178:59 / Allies) urdumb: lol
(179:38 / Allies) KODOS_FORSAKEN: rofl
(179:40 / Allies) KODOS_FORSAKEN: wtf is he doing
(179:50 / Allies) urdumb: he wants to suicide his units
(180:30 / Allies) KODOS_FORSAKEN: if he staffs upagain
(180:35 / Allies) KODOS_FORSAKEN: send hawks and kill it
(180:52 / All) G-UniT-WhaT: hacker
(180:52 / Allies) KODOS_FORSAKEN: lol
(193:37 / All) G-UniT-WhaT: WAT I MISS?
(194:20 / Allies) KODOS_FORSAKEN: lets send tinker down
(194:23 / Allies) KODOS_FORSAKEN: and make a new critter
(194:40 / All) G-UniT-WhaT: awww
(194:43 / All) G-UniT-WhaT: that was cute.
(194:52 / All) G-UniT-WhaT: so that proves ur out of pigs
(194:53 / Allies) urdumb: cant do it when hes here
(194:53 / All) G-UniT-WhaT: thanks
(195:02 / Allies) KODOS_FORSAKEN: we can
(195:04 / Allies) KODOS_FORSAKEN: if he comes
(195:06 / Allies) KODOS_FORSAKEN: we just send hawks
(195:08 / Allies) KODOS_FORSAKEN: and rape his hero
(196:23 / Allies) KODOS_FORSAKEN: once that lich leaves the base
(196:26 / Allies) KODOS_FORSAKEN: and my bm is down
(196:33 / Allies) KODOS_FORSAKEN: send hawks and we'll rape it
(196:51 / All) G-UniT-WhaT: hi tinker
(197:14 / All) urdumb: hi doc
(199:22 / All) G-UniT-WhaT: this is fun eh?
(200:07 / All) G-UniT-WhaT: how are u gonan get ur bm here
(200:10 / All) G-UniT-WhaT: u cant moron
(200:13 / Allies) KODOS_FORSAKEN: lol
(200:23 / Allies) KODOS_FORSAKEN: move down next step
(200:33 / Allies) KODOS_FORSAKEN: if he trys to kill it on the last step we send hawks
(200:40 / Allies) urdumb: they can kill it there
(201:21 / All) G-UniT-WhaT: ROFL
(201:22 / Allies) urdumb: dumb
(201:22 / All) G-UniT-WhaT: ROFL
(201:24 / All) G-UniT-WhaT: ROFLRFO
(201:31 / Allies) urdumb: just fucking wait for him to go to sleep
(201:41 / Allies) urdumb: so stupid
(201:42 / Allies) KODOS_FORSAKEN: jesus
(201:47 / Allies) KODOS_FORSAKEN: nigger coil
(201:55 / All) G-UniT-WhaT: BRING OUT UR HAWKS PLZ
(201:56 / Allies) urdumb: the more you keep doing shit the more hes going to stay here
(202:06 / All) G-UniT-WhaT: try the other side..
(202:13 / All) G-UniT-WhaT: we can coem there to!
(203:30 / All) G-UniT-WhaT: bring ur tinker down ehre again
(203:38 / All) G-UniT-WhaT: plz
(212:21 / All) G-UniT-WhaT: we weakend the tc
(212:22 / All) G-UniT-WhaT: as u can see
(212:24 / All) G-UniT-WhaT: come kill i
(212:30 / All) G-UniT-WhaT: oh u cant
(212:32 / All) G-UniT-WhaT: bm cant come down
(212:35 / All) G-UniT-WhaT: 2 sad
(224:16 / All) G-UniT-WhaT: we know ur watchin this
(224:18 / All) G-UniT-WhaT: enjoying?
(225:51 / All) G-UniT-WhaT: our lich has body gaurds
(225:53 / All) G-UniT-WhaT: COME AND GET IT
(226:08 / All) G-UniT-WhaT: if u can kill lich
(226:10 / All) G-UniT-WhaT: we wil lfw u
(255:42 / All) G-UniT-WhaT: wheres ur bm nigger
(255:48 / All) G-UniT-WhaT: come out come out where ever u are
(255:51 / All) G-UniT-WhaT: we will find ur pig too.
(258:07 / All) G-UniT-WhaT: wheres ur pig
(307:42 / Allies) urdumb: they look afk
(307:46 / Allies) KODOS_FORSAKEN: ya
(307:52 / Allies) KODOS_FORSAKEN: should i kill roost?
(308:11 / Allies) KODOS_FORSAKEN: try n get tinker down
(308:48 / Allies) KODOS_FORSAKEN: if i can get in
(308:54 / Allies) KODOS_FORSAKEN: ill put a critter in their base
(310:02 / Allies) KODOS_FORSAKEN: they left their heroes to close to edge too
(311:27 / Allies) KODOS_FORSAKEN: where should i put one?
(312:03 / Allies) KODOS_FORSAKEN: ?
(312:10 / Allies) urdumb: hmm
(312:13 / Allies) urdumb: its risky
(312:16 / Allies) urdumb: they have owls
(312:18 / Allies) urdumb: on the trees
(312:22 / Allies) urdumb: u might not be able to get in
(312:31 / Allies) KODOS_FORSAKEN: just on top
(313:01 / Allies) urdumb: lol
(313:04 / Allies) KODOS_FORSAKEN: lol
(313:20 / Allies) KODOS_FORSAKEN: what should we do now
(313:27 / Allies) urdumb: gunna take out the chim roosts
(313:31 / Allies) urdumb: we really dont need them getting chims
(313:37 / Allies) urdumb: they literally cant win without chims
(313:45 / Allies) KODOS_FORSAKEN: if we afk and they get chimes they could win
(313:50 / Allies) urdumb: yea
(314:16 / Allies) urdumb: use a hawk when you do that
(315:10 / Allies) KODOS_FORSAKEN: lol
(315:14 / Allies) KODOS_FORSAKEN: they wont find that one
(315:47 / Allies) KODOS_FORSAKEN: should we come down now?
(316:13 / Allies) urdumb: dunno
(316:19 / Allies) urdumb: those heros would fuck us up if they come back
(316:37 / Allies) KODOS_FORSAKEN: i dono
(317:02 / Allies) KODOS_FORSAKEN: well should i make hall and teck tier 3?
(317:07 / Allies) urdumb: \yea
(317:11 / Allies) urdumb: we'll need to eventually
(317:39 / Allies) urdumb: hopefully he was exagerating about how much gold the yhave left
(317:47 / Allies) KODOS_FORSAKEN: they cant have much now
(318:44 / Allies) urdumb: gunna use tinker to beat on the towers a little
(318:47 / Allies) urdumb: with hawks
(318:51 / Allies) KODOS_FORSAKEN: k
(320:03 / Allies) KODOS_FORSAKEN: im thinking ill make like
(320:06 / Allies) KODOS_FORSAKEN: 5 pults
(321:13 / Allies) KODOS_FORSAKEN: bring down am and blizz?
(321:39 / Allies) KODOS_FORSAKEN: shit close
(324:10 / Allies) KODOS_FORSAKEN: lol
(324:17 / Allies) KODOS_FORSAKEN: did he coil?
(324:20 / Allies) urdumb: yea
(324:22 / Allies) urdumb: hes back
(325:17 / Allies) urdumb: moron had all his heros stuck
(325:24 / Allies) urdumb: so it was pretty easy to get out
(325:58 / Allies) KODOS_FORSAKEN: atleast we got critters down
(326:07 / Allies) urdumb: and roosts gone
(326:36 / Allies) urdumb: guess we'll have to wait a while for him to afk again
(326:43 / Allies) KODOS_FORSAKEN: kill that bat
(329:14 / Allies) KODOS_FORSAKEN: fuck
(329:16 / Allies) KODOS_FORSAKEN: nm
(331:48 / Allies) KODOS_FORSAKEN: i think we could take them in a fight
(331:50 / Allies) KODOS_FORSAKEN: unit v unit
(332:40 / Allies) urdumb: pretty tough in the middle of 600 towers
(333:04 / Allies) KODOS_FORSAKEN: we should tp down everything
(333:10 / Allies) KODOS_FORSAKEN: kill 1 by 1 with morts
(333:20 / Allies) urdumb: give it like 20 mins
(333:24 / Allies) KODOS_FORSAKEN: k
(333:43 / Allies) KODOS_FORSAKEN: i think blue is here
(333:46 / Allies) KODOS_FORSAKEN: green is afk
(338:13 / Allies) KODOS_FORSAKEN: gotta wait for him to stop sending these stupid owls
(344:02 / Allies) KODOS_FORSAKEN: i say we just go down
(344:05 / Allies) KODOS_FORSAKEN: and start killing them
(344:05 / Allies) urdumb: k
(344:08 / Allies) KODOS_FORSAKEN: he wont expect it
(344:49 / Allies) urdumb: what are the burrows for
(344:55 / Allies) KODOS_FORSAKEN: going to make pults
(345:16 / Allies) KODOS_FORSAKEN: let me have ur gold
(346:24 / Allies) KODOS_FORSAKEN: where should i make hall at
(346:46 / Allies) KODOS_FORSAKEN: ?
(346:48 / Allies) KODOS_FORSAKEN: k
(347:13 / Allies) KODOS_FORSAKEN: k lets go
(348:25 / Allies) KODOS_FORSAKEN: damn it
(349:12 / Allies) KODOS_FORSAKEN: get those fiends too
(350:27 / Allies) KODOS_FORSAKEN: ya ill rape any hero that comes
(350:41 / Allies) KODOS_FORSAKEN: dk no tp
(351:35 / Allies) KODOS_FORSAKEN: we got poly too
(352:21 / All) KODOS_FORSAKEN: bye
(352:21 / All) urdumb: leave clown
(352:38 / All) SK.WeRRa-CrAfT: u kids tried
(352:40 / All) SK.WeRRa-CrAfT: pretty hard
(352:41 / All) SK.WeRRa-CrAfT: t owin
(352:42 / All) SK.WeRRa-CrAfT: OLOL
(352:46 / All) KODOS_FORSAKEN: LOLOLOL
(352:48 / All) urdumb: u tried pretty hard
(352:49 / All) urdumb: to lose
(352:53 / All) KODOS_FORSAKEN: owned
(352:59 / All) SK.WeRRa-CrAfT: i was afk
(353:01 / All) SK.WeRRa-CrAfT: like whole time
(353:02 / All) SK.WeRRa-CrAfT: till now
(353:07 / All) urdumb: lol
(353:08 / All) SK.WeRRa-CrAfT: thought id fight
(353:08 / All) KODOS_FORSAKEN: same
(353:18 / All) SK.WeRRa-CrAfT: dont lie to urself kodo
(353:22 / All) SK.WeRRa-CrAfT: I know u were sitting waitin
(353:34 / All) urdumb: the owls were on autocast right
(353:37 / All) urdumb: for 2 hours straight
(353:38 / All) KODOS_FORSAKEN: lol
(353:41 / All) SK.WeRRa-CrAfT: ?
(353:43 / All) urdumb: u might have been afk but green wasnt then
(353:44 / All) SK.WeRRa-CrAfT: mayb g-unit was here
(353:53 / All) urdumb: that nig was here for hours talking to himself
(353:57 / All) urdumb: while i was playing on my other computer
(353:57 / All) SK.WeRRa-CrAfT: : o
(354:13 / All) KODOS_FORSAKEN: how does it feel to lose a 7 hour game>?
(354:25 / All) SK.WeRRa-CrAfT: y would i care?
(354:27 / All) SK.WeRRa-CrAfT: rofl
(354:31 / All) KODOS_FORSAKEN: you do
(354:34 / All) KODOS_FORSAKEN: since you stayed
(354:43 / All) SK.WeRRa-CrAfT: i stayed to piss off u nerds
(354:46 / All) SK.WeRRa-CrAfT: but clearly it didnt work
(354:52 / All) SK.WeRRa-CrAfT: cause ur that pathetic
(354:53 / All) SK.WeRRa-CrAfT: rofl
(354:59 / All) urdumb: u mad?
(355:02 / All) SK.WeRRa-CrAfT: no?
(355:09 / All) KODOS_FORSAKEN: how can you piss us off we chose to do this
(355:12 / All) KODOS_FORSAKEN: idiot
(355:12 / All) SK.WeRRa-CrAfT: lets just say
(355:16 / All) SK.WeRRa-CrAfT: u will never match us on this map again
(359:37 / Allies) KODOS_FORSAKEN: hope the other guy comes back
(359:40 / Allies) KODOS_FORSAKEN: would be great